 Dungeon Crawl Stone Soup version 0.27.1-2-g3b301248ec (webtiles) character file.

Game seed: 11439585897953074278

1475 DearestLeader the Destroyer (level 8, -2/46 HPs)
             Began as an Octopode Conjurer on Oct 4, 2021.
             Slain by Pikel (6 damage)
             ... on level 6 of the Dungeon.
             The game lasted 00:14:35 (6727 turns).

DearestLeader the Destroyer (Octopode Conjurer)     Turns: 6727, Time: 00:14:35

Health: -2/46      AC:  5    Str:  6    XL:     8   Next: 78%
Magic:  5/13       EV: 13    Int: 20    God:
Gold:   194        SH:  0    Dex: 13    Spells: 4/14 levels left

rFire    . . .     SeeInvis .   y - +1 rapier (venom)
rCold    . . .     Faith    .   (no shield)
rNeg     . . .     Spirit   .   (helmet restricted)
rPois    .         Reflect  .   (no amulet)
rElec    .         Harm     .   f - +4 ring of protection
rCorr    +         Rampage  .   k - ring of resist corrosion
Will     .....                  (no ring)
Stlth    ++++......             (no ring)
HPRegen  0.15/turn              (no ring)
MPRegen  0.13/turn              (no ring)
                                (no ring)
                                (no ring)

@: no status effects
A: almost no armour, amphibious, 8 rings, camouflage 1, gelatinous body 1,
(nimble swimmer 1), tentacles
a: no special abilities


You were on level 6 of the Dungeon.
You visited 2 branches of the dungeon, and saw 8 of its levels.
You also visited: Sewer.

You collected 211 gold pieces.
You spent 17 gold pieces at shops.

Inventory:

Hand Weapons
 n - a +0 hunting sling
 o - the +5 shortbow of Muzieton {flame, rElec Int+4 SInv Stlth-}
   (You found it in a sewer)

   Any ammunition fired from it burns those it strikes, dealing additional fire
   damage.
   Int:       It affects your intelligence (+4).
   rElec:     It insulates you from electricity.
   SInv:      It lets you see invisible.
   Stlth:     It makes you less stealthy.
 u - a +2 whip of electrocution
 y - a +1 rapier of venom (weapon)
Missiles
 m - 19 sling bullets
 p - 63 arrows
Armour
 h - a +0 kite shield
Jewellery
 f - a +4 ring of protection (left tentacle)
 k - a ring of resist corrosion (right tentacle)
Wands
 v - a wand of flame (15) (quivered)
Scrolls
 c - a scroll of enchant armour {unknown}
 d - a scroll of silence {unknown}
 e - 3 scrolls of identify {unknown}
 g - a scroll of magic mapping {unknown}
 i - a scroll of holy word {unknown}
 l - 2 scrolls of vulnerability
 r - a scroll of fear {unknown}
 s - 2 scrolls of teleportation {unknown}
 w - a scroll of blinking {unknown}
Potions
 a - 2 potions of lignification {unknown}
 b - 3 potions of curing {unknown}
 j - a potion of haste {unknown}
 q - a potion of degeneration {unknown}
 t - a potion of heal wounds {unknown}
 x - a potion of brilliance {unknown}
 z - a potion of mutation {unknown}


   Skills:
 + Level 4.5 Bows
 - Level 2.0 Dodging
 - Level 5.0 Stealth
 + Level 3.6 Spellcasting
 * Level 9.2 Conjurations
 + Level 1.0 Hexes


You had 4 spell levels left.
You knew the following spells:

 Your Spells              Type           Power      Damage    Failure   Level
a - Magic Dart            Conj           100%       1d8       1%          1
b - Searing Ray           Conj           80%        3d6       1%          2
c - Fulminant Prism       Conj/Hex       12%        3d9       16%         4
d - Dazzling Flash        Conj/Hex       48%        N/A       4%          3

Your spell library contained the following spells:

 Spells                   Type           Power      Damage    Failure   Level
 Iskenderun's Mystic Bla  Conj/Tloc      22%        2d6       21%         4


Dungeon Overview and Level Annotations

Branches:
Dungeon (7/15)             Temple (1/1) D:5           Sewer (visited)

Altars:
Ashenzari
Dithmenos
Elyvilon
Hepliaklqana
Kikubaaqudgha
Makhleb
Qazlal
Trog
Uskayaw
Vehumet
Wu Jian
Xom
Yredelemnul
Zin

Shops:
D:1 *

Annotations:
D:6 Pikel


Innate Abilities, Weirdness & Mutations

You cannot wear most types of armour.
You are amphibious.
You can wear up to eight rings at the same time.
Your skin changes colour to match your surroundings (Stealth+).
Your rubbery body absorbs attacks. (AC +1, EV +1)
((You are camouflaged near water. (Stealth+)))
You have tentacles for arms and can constrict up to eight enemies at once.


Message History

The blast of energy engulfs Pikel!
Pikel is moderately wounded.
The blast of energy engulfs the lemure!!
The lemure is almost dead.
The blast of energy engulfs the lemure!
The lemure is moderately wounded.
The shadow imp shouts, "Crawl home, thou unmuzzled idle-headed coxcomb!"
You closely miss Pikel. Your grab misses Pikel.
Pikel is moderately wounded.
Pikel hits you with a +1 whip of electrocution.
You are electrocuted!
Pikel hits you with a +1 whip of electrocution.
You are electrocuted!
You see here 14 arrows.
Casting: Fulminant Prism (quite dangerous; 16% risk of failure)
Confirm with . or Enter, or press ? or * to list all spells.
Aiming: Searing Ray (safe; 1% risk of failure)
Press: ? - help, Shift-Dir - straight line, f - Pikel
Aim: Pikel, wielding a +1 whip of electrocution and wearing a +0 robe (moderately wounded, 77% to hit)
The searing ray hits Pikel!
Pikel is heavily wounded. (Press . to maintain the ray.) Pikel hits you with a +1 whip of electrocution.
You are electrocuted!
* * * LOW HITPOINT WARNING * * *
The searing ray hits Pikel.
Pikel is severely wounded.
The searing ray hits the lemure!
You kill the lemure!
That felt strangely unrewarding.
Pikel hits you with a +1 whip of electrocution.
* * * LOW HITPOINT WARNING * * *
The searing ray hits Pikel.
Pikel is severely wounded.
Pikel closely misses you.
The searing ray misses Pikel.
The searing ray hits the lemure!
The lemure is heavily wounded.
You finish channeling your searing ray.
Pikel hits you with a +1 whip of electrocution.
You die...

#.........)).<..
#.####.....[.##.
#.# #.#.[...##.
#.# #.########.
#####[# #.# #>
#.....# ..# #.
#.##### ##. ###.
#.#.#####
....##...
#.###@K55#
........ #.
#.###.# ...##.#.
# #.# #.#
......#. #. #5#
##.... # ...
#.### ..5.z #
.5....# .......#
.........


You could see Pikel and 2 lemures.

Vanquished Creatures
  Sigmund (D:3)
  2 orc warriors (D:6)
  An ice beast (D:4)
  An ogre (D:6)
  2 necrophages (D:5)
  2 lemures (D:6)
  A phantom (D:5)
  A bullfrog (Sewer)
  A water moccasin skeleton (D:5)
  A hound (D:4)
  A centaur zombie (D:7)
  A bullfrog skeleton (D:4)
  3 orc priests
  A centaur skeleton (D:5)
  Natasha (thrice) (D:4)
  An iguana (D:5)
  An orc wizard (D:6)
  A hound skeleton (D:4)
  6 gnolls
  5 adders
  An ufetubus (D:6)
  2 worms
  4 dart slugs
  14 orcs
  5 endoplasms
  7 giant cockroaches
  7 goblins
  6 hobgoblins
  6 jackals (D:2)
  11 kobolds
  12 quokkas
  13 ball pythons
  4 bats
  7 frilled lizards
  3 rats
138 creatures vanquished.

Vanquished Creatures (others)
  A fulminant prism (D:6)
  A plant (D:1)
2 creatures vanquished.

Grand Total: 140 creatures vanquished

Notes
Turn   | Place    | Note
-------+----------+-------------------------------------------
     0 | D:1      | DearestLeader the Octopode Conjurer began the quest for the
                  | Orb.
     0 | D:1      | Reached XP level 1. HP: 11/11 MP: 3/3
   350 | D:1      | Reached XP level 2. HP: 17/17 MP: 5/5
   353 | D:1      | Learned a level 2 spell: Searing Ray
   515 | D:1      | Found Yfa Hudo's Assorted Antiques.
   605 | D:1      | Bought a scroll labelled CUUROG OHENE for 17 gold pieces
  1082 | D:2      | Reached XP level 3. HP: 15/21 MP: 2/6
  1946 | D:2      | Reached skill level 5 in Conjurations
  1946 | D:2      | Reached XP level 4. HP: 27/27 MP: 2/7
  2498 | D:3      | Found a glowing drain.
  2542 | Sewer    | Entered a sewer
  2702 | Sewer    | Reached XP level 5. HP: 25/31 MP: 5/8
  2778 | Sewer    | Reached skill level 5 in Stealth
  2778 | Sewer    | Reached skill level 6 in Conjurations
  2787 | Sewer    | Identified the +5 shortbow of Muzieton {flame, rElec Int+4
                  | SInv Stlth-}
  3111 | D:3      | Reached XP level 6. HP: 20/36 MP: 5/9
  3114 | D:3      | Reached skill level 1 in Bows
  3481 | D:3      | Noticed Sigmund
  3493 | D:3      | Killed Sigmund
  3494 | D:3      | Reached skill level 7 in Conjurations
  3494 | D:3      | Reached XP level 7. HP: 20/41 MP: 6/10
  3902 | D:4      | Noticed Natasha
  3911 | D:4      | Killed Natasha
  4265 | D:4      | Found an ancient bone altar of Kikubaaqudgha.
  4670 | D:4      | Noticed Natasha
  4678 | D:4      | Killed Natasha
  4688 | D:4      | Noticed Natasha
  4694 | D:4      | Killed Natasha
  4703 | D:4      | Learned a level 4 spell: Fulminant Prism
  4707 | D:4      | Learned a level 3 spell: Dazzling Flash
  4924 | D:4      | You fall into a shaft and drop 3 floors!
  4924 | D:7      | Found a broken altar of Ashenzari.
  4932 | D:7      | Reached skill level 8 in Conjurations
  5043 | D:6      | Reached XP level 8. HP: 46/46 MP: 2/11
  5087 | D:5      | Entered Level 5 of the Dungeon
  5225 | D:5      | Found a shadowy altar of Dithmenos.
  5287 | D:5      | Found a hazy altar of Hepliaklqana.
  5330 | D:5      | Found a staircase to the Ecumenical Temple.
  5351 | Temple   | Entered the Ecumenical Temple
  6364 | D:6      | Reached skill level 9 in Conjurations
  6510 | D:6      | Noticed Pikel
  6558 | D:6      | Reached skill level 1 in Hexes
  6727 | D:6      | Slain by Pikel

Illustrated notes

Levels and vault maps discovered:
D:1:      evilmike_arrival_rings, layout_basic, serial_shops,
          nicolae_shop_overgrown_old_shop
D:2:      layout_loops_corners
D:3:      layout_loops_ring, portal_sewer_entry_f, serial_bayou_pond_e,
          roderic_lattice_a, minmay_misc_feat_enclosed, uniq_sigmund
D:4:      minmay_inner_zag, layout_rooms, nicolae_kikubaaqudgha_miasma_corner,
          serial_co_window_serial, co_window_paths_a, co_window_cross_1,
          co_window_of_opportunity_a, co_window_corner_a, co_window_cross_1,
          co_window_broadway_b, co_window_cross_4, co_window_of_opportunity_b,
          co_window_broadway_b, co_window_4corner_a, glass_columns_a,
          glass_columns_a, glass_columns_c, glass_columns_b, uniq_natasha
D:5:      layout_gridville, lemuel_round_altar,
          mainiacjoe_overflow_six_doors_small, minmay_temple_entry_wispy
D:6:      layout_loops_ring, nicolae_ru_the_path_less_chosen,
          nemelex_spade_bored_becter, gammafunk_ghost_stat_death, uniq_pikel
D:7:      layout_loops_cross, old_standard_altar, mainiacjoe_overflow_alcove_1
Temple:   jpeg_temple_alley_garden

Skill      XL: |  1  2  3  4  5  6  7  8 |
---------------+-------------------------+-----
Stealth        | 3 4 5 |  5.0
Conjurations   | 5 6 7 8 9 |  9.2
Bows           | 2 3 4 |  4.5
Spellcasting   | 3 |  3.6
Hexes          | 1 |  1.0
Dodging        | |  2.0

Action                   |  1- 3 |  4- 6 |  7- 9 || total
-------------------------+-------+-------+-------++-------
Melee: Unarmed           |     2 |       |       ||     2
       Short sword       |    32 |    80 |    13 ||   125
       Constrict         |     9 |    21 |    15 ||    45
       Tentacles         |     1 |     9 |     9 ||    19
       Whip              |       |       |    33 ||    33
       Rapier            |       |       |    11 ||    11
 Cast: Magic Dart        |    18 |     3 |     1 ||    22
       Searing Ray       |     7 |    12 |    23 ||    42
       Fulminant Prism   |       |       |     1 ||     1
Evoke: Wand              |       |       |     1 ||     1
  Use: Scroll            |     1 |       |     1 ||     2
 Stab: Sleeping          |    10 |    11 |    15 ||    36
       Distracted        |     1 |       |     1 ||     2
Armor: Skin              |     5 |    21 |    14 ||    40
Dodge: Dodged            |    25 |    57 |    62 ||   144
